 Dungeon Crawl Stone Soup version 0.29-a0-322-g68df515428 (webtiles) character file.

Game seed: 11341566811900768419

29 Flugslaktarn the Stinger (level 3, -1/24 HPs)
             Began as a Human Venom Mage on Apr 8, 2022.
             Killed from afar by an orc wizard (10 damage)
             ... with a puff of flame
             ... on level 3 of the Dungeon.
             The game lasted 00:02:57 (633 turns).

Flugslaktarn the Stinger (Human Venom Mage)          Turns: 633, Time: 00:02:57

Health: -1/24      AC:  2    Str:  8    XL:     3   Next: 32%
Magic:  4/6        EV: 12    Int: 17    God:
Gold:   21         SH:  0    Dex: 19    Spells: 3/6 levels left

rFire   . . .      SeeInvis .   i - +1 dagger (elec)
rCold   . . .      Faith    .   (no shield)
rNeg    . . .      Spirit   .   a - +0 robe
rPois   .          Reflect  .   (no helmet)
rElec   .          Harm     .   (no cloak)
rCorr   .          Rampage  .   (no gloves)
Will    .....                   (no boots)
Stlth   ++........              (no amulet)
HPRegen 0.08/turn               f - +6 ring of dexterity
MPRegen 0.10/turn               (no ring)

@: no status effects
A: no striking features
a: no special abilities


You were on level 3 of the Dungeon.
You visited 1 branch of the dungeon, and saw 4 of its levels.

You collected 21 gold pieces.

Inventory:

Hand Weapons
 c - the +3 hunting sling of the Extremes {flame, +Blink rCorr Stlth-}
   (You found it on level 3 of the Dungeon)

   Any ammunition fired from it burns those it strikes, dealing additional fire
   damage.
   +Blink:    It lets you blink.
   rCorr:     It protects you from acid and corrosion.
   Stlth:     It makes you less stealthy.
 i - a +1 dagger of electrocution (weapon)
   (You found it on level 3 of the Dungeon)
 q - a +2 dagger of venom
   (You took it off a kobold on level 3 of the Dungeon)
Missiles
 j - a throwing net
 k - 2 javelins
Armour
 a - a +0 robe (worn)
Magical Staves
 o - a staff of fire
   (You found it on level 3 of the Dungeon)
Jewellery
 f - a +6 ring of dexterity (left hand)
   (You found it on level 1 of the Dungeon)
Scrolls
 h - a scroll of noise {unknown}
 l - a scroll of teleportation {unknown}
 m - a scroll of fear {unknown}
 r - 2 scrolls of magic mapping {unknown}
Potions
 b - a potion of magic
 d - a potion of lignification
 e - a potion of curing {unknown}
 g - a potion of heal wounds {unknown}
 n - a potion of mutation {unknown}
 p - a potion of attraction {unknown}


   Skills:
 - Level 2.0 Dodging
 - Level 2.0 Stealth
 + Level 2.2 Spellcasting
 - Level 2.0 Transmutations
 * Level 1.3 Air Magic
 + Level 3.2 Poison Magic


You had 3 spell levels left.
You knew the following spells:

 Your Spells              Type           Power      Damage    Failure   Level
a - Sting                 Tmut/Pois      40%        1d5       7%          1
b - Poisonous Vapours     Pois/Air       18%        N/A       12%         2

Your spell library contained the following spells:

 Spells                   Type           Power      Damage    Failure   Level
 Wereblood                Tmut           8%         N/A       13%         2
 Sublimation of Blood     Necr           1%         N/A       28%         2
 Mephitic Cloud           Conj/Pois/Air  7%         N/A       30%         3
 Olgreb's Toxic Radiance  Pois           12%        N/A       45%         4
 Summon Hydra             Summ           0%         N/A       100%        7


Dungeon Overview and Level Annotations

Branches:
Dungeon (4/15)
 Temple: D:4-7

Altars:
Hepliaklqana
Qazlal

Annotations:
D:2 1 runed translucent door, Crazy Yiuf, Sigmund


Message History

You now have 21 gold pieces (gained 5).
You open the door.
There is an open door here.
There is an open door here.
You open the door.
There is an open door here.
You open the large door.
Found a leather armour.
An endoplasm comes into view.
Found 2 scrolls labelled ENIGOU KITUE and a brown potion.
The endoplasm quivers.
There is a large open door here.
There is a large open door here.
Casting: Sting (safe; 7% risk of failure)
Confirm with . or Enter, or press ? or * to list all spells.
Aiming: Sting (safe; 7% risk of failure)
Press: ? - help, Shift-Dir - straight line, f - endoplasm
Aim: an endoplasm (98% to hit)
The sting hits the endoplasm.
The endoplasm is poisoned.
The endoplasm is lightly wounded.
Casting: Sting (safe; 7% risk of failure)
Confirm with . or Enter, or press ? or * to list all spells.
Aiming: Sting (safe; 7% risk of failure)
Press: ? - help, Shift-Dir - straight line, f/p - endoplasm
Aim: an endoplasm (moderately wounded, poisoned, 98% to hit)
The sting hits the endoplasm.
The endoplasm partially resists.
The endoplasm looks even sicker.
The endoplasm is heavily wounded.
The endoplasm freezes you.
You are frozen.
You hit the endoplasm.
The endoplasm is severely wounded.
You kill the endoplasm!
No target in view!
You see here a +0 leather armour.
Found a stone staircase leading down.
e - a brown potion
r - 2 scrolls labelled ENIGOU KITUE A rat comes into view.
Found a ring mail and a hunting sling.
An orc priest and an orc wizard come into view.
The orc priest shouts!
The orc wizard shouts!
A bat comes into view.
A frilled lizard comes into view.
An orc comes into view. It is wielding a +0 club.
The orc shouts!
The orc priest begins to cast a cantrip, but forgets the words!
The bat hits you. The bat closely misses you. The bat barely misses you.
The bat attacks as you move away! The bat misses you.
The bat closely misses you. The bat misses you.
The bat attacks as you move away! The bat hits you but does no damage.
The bat hits you.
The orc wizard gestures wildly while chanting.
The orc wizard flickers and vanishes!
Deactivating autopickup; reactivate with Ctrl-A.
The bat attacks as you move away! The bat hits you. The bat barely misses you.
The bat completely misses you.
There is a large open door here.
The bat hits you.
There is a large open door here.
The bat hits you but does no damage. The bat hits you but does no damage.
The bat closely misses you. The bat misses you. The bat hits you.
There is an open door here.
The bat hits you but does no damage.
There is an open door here.
Casting: Sting (safe; 7% risk of failure)
Confirm with . or Enter, or press ? or * to list all spells.
Aiming: Sting (safe; 7% risk of failure)
Press: ? - help, Shift-Dir - straight line, f - bat
Aim: a bat (57% to hit)
The sting misses the bat.
The bat closely misses you.
Casting: Sting (safe; 7% risk of failure)
Confirm with . or Enter, or press ? or * to list all spells.
Aiming: Sting (safe; 7% risk of failure)
Press: ? - help, Shift-Dir - straight line, f/p - bat
Aim: a bat (57% to hit)
The sting misses the bat.
The sting hits the rat.
The rat is poisoned.
You kill the rat!
The bat misses you. The bat closely misses you. The bat hits you.
Casting: Sting (safe; 7% risk of failure)
Confirm with . or Enter, or press ? or * to list all spells.
Aiming: Sting (safe; 7% risk of failure)
Press: ? - help, Shift-Dir - straight line, f/p - bat
Aim: a bat (57% to hit)
The sting hits the bat.
The bat is poisoned.
The bat is moderately wounded.
The bat hits you but does no damage.
You kill the bat!
There is an open door here.
A magic dart appears from out of thin air!
The magic dart hits you!
Unknown command.
A puff of flame appears from out of thin air!
The puff of flame hits you!
You die...

#
#######....................
# ###.................... #
#.....#..##o#.......... #
#.######.##{#.......... #
#.# #..#.#..........
#######.#
####+#.#..........
........#
#..[...#..........
#########
#......#..........
#....@.########### #......#
#.....># #......# #......#
######.# #.# #+#


You could see an orc.

Vanquished Creatures
  3 worms (D:2)
  A dart slug (D:2)
  3 ball pythons
  An endoplasm (D:3)
  4 giant cockroaches
  A goblin (D:2)
  A bat (D:3)
  2 kobolds
  3 rats
19 creatures vanquished.

Vanquished Creatures (others)
  2 fungi (D:2)
2 creatures vanquished.

Grand Total: 21 creatures vanquished

Notes
Turn   | Place    | Note
-------+----------+-------------------------------------------
     0 | D:1      | Flugslaktarn the Human Venom Mage began the quest for the
                  | Orb.
     0 | D:1      | Reached XP level 1. HP: 13/13 MP: 3/3
    99 | D:2      | Reached XP level 2. HP: 5/19 MP: 0/5
   102 | D:2      | Learned a level 2 spell: Poisonous Vapours
   131 | D:2      | Found a stormy altar of Qazlal.
   332 | D:2      | Found a runed translucent door.
   333 | D:2      | Noticed Crazy Yiuf
   373 | D:2      | Reached skill level 1 in Air Magic
   373 | D:2      | Reached XP level 3. HP: 20/24 MP: 1/6
   375 | D:2      | Noticed Sigmund
   440 | D:3      | Found a hazy altar of Hepliaklqana.
   538 | D:3      | Identified the +3 hunting sling of the Extremes {flame,
                  | +Blink rCorr Stlth-}
   633 | D:3      | Killed from afar by an orc wizard

Illustrated notes

Levels and vault maps discovered:
D:1:      wander_arrival_peaceful_grave, layout_loops_ring
D:2:      layout_basic, basic_altar, nrook_mini_vaults, uniq_sigmund,
          uniq_crazy_yiuf_cottage, uniq_natasha
D:3:      layout_basic, overflow_temple_1_default,
          chequers_ecumenical_altar_island, minmay_vboxes
D:4:      layout_loops_ring, fedhas_altar_2, minmay_temple_entry_hall,
          serial_shops, nicolae_shop_stone

Skill      XL: |  1  2 |
---------------+-------+-----
Transmutations | 2 |  2.0
Air Magic      | 1 |  1.3
Dodging        | |  2.0
Stealth        | |  2.0
Spellcasting   | |  2.2
Poison Magic   | |  3.2

Action                   || total
-------------------------++-------
Melee: Dagger            ||    20
 Cast: Sting             ||    31
  Use: Scroll            ||     1
 Stab: Sleeping          ||     1
Armor: Robe              ||     8
Dodge: Dodged            ||    23

Table legend: (Time is in decaauts)
 A = Elapsed time spent in this place.
 B = Non-inter-level travel time spent in this place.
 C = Inter-level travel time spent in this place.
 D = Time resting spent in this place.
 E = Time spent auto-exploring this place.
 F = Levels seen in this place.
 G = Mean time per level.
                   A        B        C        D        E       F      G
               +--------+--------+--------+--------+--------+-----+--------+
         Total |    632 |    620 |     12 |      0 |      0 |   4 |  158.0 |
       Dungeon |    632 |    620 |     12 |      0 |      0 |   4 |  158.0 |
               +--------+--------+--------+--------+--------+-----+--------+

Top non-repeatable levels by time:
     D:2: 333 daAuts
     D:3: 208 daAuts
     D:1: 74 daAuts
     D:4: 15 daAuts
